 Dungeon Crawl Stone Soup version 0.23-a0-644-gb60d84b635 (webtiles) character file.

2298 LLavrengius the Skirmisher (level 9, -6/64 HPs)
             Began as an Octopode Transmuter on Jan 2, 2019.
             Was a Follower of Makhleb.
             Mangled by a two-headed ogre
             ... wielding a +0 giant spiked club
              (18 damage)
             ... on level 8 of the Dungeon.
             The game lasted 00:29:05 (9910 turns).

LLavrengius the Skirmisher (Octopode Transmuter)    Turns: 9910, Time: 00:29:06

Health: -6/64      AC:  2    Str: 10    XL:     9   Next: 40%
Magic:  9/14       EV: 23    Int: 18    God:    Makhleb [*.....]
Gold:   185        SH:  0    Dex: 19    Spells: 8/14 levels left

rFire    . . .     SeeInvis .     - Unarmed
rCold    . . .     Gourm    .   (shield currently unavailable)
rNeg     + . .     Faith    .   (helmet currently unavailable)
rPois    x         Spirit   .   (no amulet)
rElec    .         Reflect  .   r - ring of positive energy
rCorr    .         Harm     .   (no ring)
MR       +....                  (no ring)
Stlth    ++........             (no ring)
HPRegen  0.20/turn              (no ring)
MPRegen  0.14/turn              (no ring)
                                (no ring)
                                (no ring)

@: spider-form, very slightly contaminated
A: tiny, almost no armour, stealthy swim, (amphibious), 8 rings, (constrict 8),
agile 1, magic resistance 1
a: End Transformation, Renounce Religion


You were on level 8 of the Dungeon.
You worshipped Makhleb.
Makhleb was aware of your devotion.
You were not hungry.
You were a venomous arachnid creature.
You visited 1 branch of the dungeon, and saw 8 of its levels.
You also visited: Ossuary.

You collected 339 gold pieces.
You spent 154 gold pieces at shops.

Inventory:

Hand Weapons
 i - a +1 rapier of holy wrath
 k - a +0 blowgun
 p - a +0 hunting sling
 x - a +0 scythe
 B - a +2 dagger of venom
 H - the +10 quarterstaff "Egg" (melded) {venom, +Inv rElec Dex+4}
   (You found it on level 6 of the Dungeon)

   It poisons the flesh of those it strikes.
   It affects your dexterity (+4).
   It insulates you from electricity.
   It lets you turn invisible.
Missiles
 a - 66 arrows
 q - 222 stones (quivered)
 s - 41 sling bullets
 A - 10 javelins
 L - 55 poisoned needles
 O - 5 curare-tipped needles
Magical Staves
 E - an uncursed staff of cold {unknown}
Jewellery
 r - a ring of positive energy (left front leg)
Wands
 w - a wand of disintegration (14)
 z - a wand of random effects (6)
 G - a wand of iceblast (14)
Scrolls
 d - 5 scrolls of teleportation
 e - 4 scrolls of remove curse
 h - a scroll of blinking {unknown}
 m - a scroll of fear {unknown}
 n - 8 scrolls of random uselessness
 o - a scroll of fog {unknown}
 y - a scroll of enchant weapon {unknown}
 C - 2 scrolls of magic mapping {unknown}
 F - 2 scrolls of immolation {unknown}
 I - a scroll of summoning {unknown}
 K - a scroll of enchant armour {unknown}
 N - a scroll of amnesia
Potions
 b - 2 potions of lignification
 f - 2 potions of might
 g - 4 potions of curing
 j - a potion of haste {unknown}
 l - a potion of mutation
 t - a potion of heal wounds
 u - 2 potions of flight
 v - 2 potions of resistance {unknown}
 D - a potion of ambrosia
 J - a potion of invisibility
Comestibles
 c - 11 rations


   Skills:
 + Level 7.2 Fighting
 + Level 1.5 Staves
 + Level 4.7 Dodging
 - Level 6.0 Unarmed Combat
 + Level 3.4 Spellcasting
 - Level 6.0 Transmutations
 - Level 2.1 Poison Magic
 + Level 0.8 Invocations


You had 8 spell levels left.
You knew the following spells:

 Your Spells              Type           Power        Failure   Level  Hunger
a - Beastly Appendage     Tmut           ###...       6%          1    None
b - Sticks to Snakes      Tmut           ###.....     8%          2    ##.....
c - Spider Form           Tmut/Pois      ###.......   22%         3    ###....

Your spell library contained the following spells:

 Spells                   Type           Power        Failure   Level  Hunger
 Corona                   Hex            #......      34%         1    None
 Ensorcelled Hibernation  Hex/Ice        #.....       45%         2    ##.....
 Blade Hands              Tmut           ###.......   58%         5    ######.
 Ice Form                 Ice/Tmut       ##......     63%         4    ####...
 Confuse                  Hex            #.......     65%         3    ###....
 Dazzling Spray           Conj/Hex       #.....       65%         3    ###....
 Tukima's Dance           Hex            #.......     65%         3    ###....


Dungeon Overview and Level Annotations

Branches:
Dungeon (8/15)             Temple (0/1) D:7
   Lair: D:8-11

Altars:
Cheibriados
Dithmenos
Hepliaklqana
Kikubaaqudgha
Makhleb
Wu Jian

Shops:
D:4 !


Innate Abilities, Weirdness & Mutations

You cannot wear most types of armour.
You are very stealthy in the water. (Stealth+)
((You are amphibious.))
You can wear up to eight rings at the same time.
((You can use your tentacles to constrict eight enemies at once.))
((Your skin changes colour to match your surroundings (Stealth+).))
((Your rubbery body absorbs attacks. (AC +1, EV +1)))
You are agile. (Dex +2)
You are resistant to hostile enchantments. (MR+)


Message History

The two-headed ogre closely misses you.
The two-headed ogre hits you with a +0 dire flail!
Evoke which item? (* to show all) (? for menu, Esc to quit)
Aiming: Iceblast
Press: ? - help, Shift-Dir - straight line, f - two-headed ogre
Aim: a two-headed ogre, wielding a +0 giant spiked club and a +0 dire flail The mass of ice explodes!
The iceblast engulfs the two-headed ogre.
The two-headed ogre is heavily wounded.
You hear a shout!
The two-headed ogre hits you with a +0 giant spiked club!
* * * LOW HITPOINT WARNING * * *
The two-headed ogre closely misses you.
You completely miss the two-headed ogre.
The two-headed ogre is heavily wounded.
You hit the two-headed ogre.
The two-headed ogre is severely wounded.
The two-headed ogre barely misses you.
The two-headed ogre hits you with a +0 dire flail!!
You die...

############.##
..##..<.......
#.##.######.##
##s##.#
#####.O.#.#
#.....#...#
#.###...###
##.## #.# #.#
#...# #.#.#


You could see a two-headed ogre.

Vanquished Creatures
  Sigmund (D:3)
  Eustachio (D:4)
  Menkaure (D:7)
  Duvessa (D:5)
  A black bear (D:6)
  2 ogres (D:5)
  An ice beast (D:5)
  2 centaurs
  A bullfrog (D:7)
  Dowan (D:5)
  2 scorpions
  A howler monkey (D:6)
  A jelly (D:6)
  2 crimson imps (D:5)
  2 bullfrog zombies (D:5)
  3 hounds
  2 bullfrog skeletons
  3 iguanas
  Ijyb (D:3)
  An orc wizard (D:6)
  4 worker ants
  4 big kobold zombies (Ossuary)
  A hound zombie (D:6)
  A hound skeleton (D:3)
  6 mummies (Ossuary)
  A worker ant zombie (D:7)
  3 gnolls (D:6)
  10 adders
  A shadow imp (D:6)
  3 oozes
  An adder zombie (D:5)
  An adder skeleton (D:5)
  2 worms
  3 dart slugs
  A leopard gecko (D:6)
  9 orcs
  2 ball pythons
  5 giant cockroaches
  8 goblins
  11 hobgoblins
  5 quokkas
  A ball python zombie (D:3)
  14 bats
  11 frilled lizards
  3 goblin zombies (Ossuary)
  A hobgoblin zombie (Ossuary)
  14 kobolds
  13 rats
169 creatures vanquished.

Notes
Turn   | Place    | Note
-------+----------+-------------------------------------------
     0 | D:1      | LLavrengius the Octopode Transmuter began the quest for the
                  | Orb.
     0 | D:1      | Reached XP level 1. HP: 13/13 MP: 3/3
     2 | D:1      | Noticed an ogre
     2 | D:1      | Noticed a centaur
     4 | D:1      | Noticed a demonspawn
     4 | D:1      | Noticed a minotaur
     6 | D:1      | Noticed an octopode
     8 | D:1      | Noticed a tengu
     8 | D:1      | Noticed a vampire
    10 | D:1      | Noticed a felid
    10 | D:1      | Noticed a human
    12 | D:1      | Noticed a spriggan
    12 | D:1      | Noticed a draconian
    14 | D:1      | Noticed a demigod
    14 | D:1      | Noticed a dwarf
    16 | D:1      | Noticed a halfling
    16 | D:1      | Noticed a vine stalker
    18 | D:1      | Noticed a merfolk
    18 | D:1      | Noticed a troll
    20 | D:1      | Noticed a naga
    20 | D:1      | Noticed a ghoul
    24 | D:1      | Noticed an elf
    24 | D:1      | Noticed a gargoyle
    26 | D:1      | Noticed a formicid
    84 | D:1      | Reached XP level 2. HP: 3/18 MP: 5/5
   453 | D:1      | Learned a level 2 spell: Sticks to Snakes
   668 | D:1      | Reached skill level 2 in Fighting
   751 | D:1      | Reached XP level 3. HP: 12/24 MP: 6/6
  1243 | D:2      | Learned a level 3 spell: Spider Form
  1441 | D:2      | Reached XP level 4. HP: 23/30 MP: 7/7
  1554 | D:2      | Reached skill level 3 in Fighting
  2429 | D:2      | Reached XP level 5. HP: 36/36 MP: 8/8
  3220 | D:3      | Noticed Sigmund
  3233 | D:3      | Killed Sigmund
  3233 | D:3      | Reached skill level 4 in Fighting
  3233 | D:3      | Reached XP level 6. HP: 28/44 MP: 9/9
  3387 | D:3      | Reached skill level 5 in Transmutations
  3451 | D:3      | Noticed Ijyb
  3463 | D:3      | Killed Ijyb
  4095 | D:3      | Found a faded altar of an unknown god.
  4709 | D:4      | Noticed Eustachio
  4713 | D:4      | Found a sand-covered staircase.
  4735 | Ossuary  | Entered an ossuary
  4756 | Ossuary  | Reached XP level 7. HP: 49/49 MP: 6/10
  4813 | Ossuary  | Reached skill level 5 in Fighting
  4816 | Ossuary  | Gained mutation: You are resistant to hostile enchantments.
                  | (MR+) [potion of mutation]
  4816 | Ossuary  | Gained mutation: You are agile. (Dex +2) [potion of
                  | mutation]
  4856 | Ossuary  | HP: 1/50 [big kobold zombie (5)]
  5602 | D:4      | Killed Eustachio
  5896 | D:4      | Found Patad's Distillery.
  5910 | D:4      | Bought a potion of heal wounds for 70 gold pieces
  5910 | D:4      | Bought 2 potions of curing for 84 gold pieces
  6171 | D:4      | Found a snail-covered altar of Cheibriados.
  6206 | D:4      | Found a burning altar of Makhleb.
  6213 | D:4      | Became a worshipper of Makhleb the Destroyer
  6333 | D:5      | Entered Level 5 of the Dungeon
  6355 | D:5      | Reached XP level 8. HP: 50/57 MP: 11/11
  6608 | D:5      | Noticed Duvessa
  6608 | D:5      | Noticed Dowan
  6622 | D:5      | Killed Duvessa
  6622 | D:5      | Reached skill level 6 in Fighting
  6622 | D:5      | Reached skill level 1 in Poison Magic
  6635 | D:5      | Killed Dowan
  6997 | D:5      | Reached skill level 5 in Unarmed Combat
  7089 | D:5      | Found a shadowy altar of Dithmenos.
  7089 | D:5      | Found a faded altar of an unknown god.
  7230 | D:5      | Found a hazy altar of Hepliaklqana.
  7232 | D:5      | Found a faded altar of an unknown god.
  7234 | D:5      | Found an ornate altar of the Wu Jian Council.
  7916 | D:6      | Reached XP level 9. HP: 40/63 MP: 9/12
  8469 | D:6      | Reached * piety under Makhleb
  8469 | D:6      | Reached skill level 7 in Fighting
  8723 | D:6      | Got a smoking quarterstaff
  8724 | D:6      | Identified the +10 quarterstaff "Egg" {venom, +Inv rElec
                  | Dex+4} (You found it on level 6 of the Dungeon)
  8860 | D:7      | Found a staircase to the Ecumenical Temple.
  8956 | D:7      | Found an ancient bone altar of Kikubaaqudgha.
  8956 | D:7      | Noticed Menkaure
  8962 | D:7      | Killed Menkaure
  8962 | D:7      | Reached skill level 1 in Staves
  9895 | D:8      | Noticed a two-headed ogre
  9910 | D:8      | Mangled by a two-headed ogre

Vault maps used:
D:1:      kb_arrival_jail, minmay_shallow_snake_nest
D:2:      serial_forest, infiniplex_forest_diagonal,
          infiniplex_forest_lined_ring, infiniplex_forest_lined_room_,
          infiniplex_forest_clump_medium, infiniplex_forest_straight_2,
          infiniplex_forest_fountain, infiniplex_forest_lined_ring,
          minmay_octomino_j4
D:3:      minmay_thinvault, chequers_ecumenical_altar_twisty, first_ration,
          uniq_ijyb, uniq_sigmund
D:4:      nicolae_overflow_crystal_walls, bloody_makhleb, serial_shops,
          nicolae_shop_stone, nicolae_ossuary_entry_false_entrances,
          minmay_misc_feat_tower, uniq_eustachio
D:5:      chequers_temple_overflow_minitemple, uniq_duvessa
D:7:      minmay_temple_entry_glassed_door, basic_altar, uniq_menkaure
D:8:      lair_entry_dummy, serial_shops, nicolae_shop_overgrown_old_shop,
          special_room, grunt_ogre_cave, minmay_lindwurm_lava
Ossuary:  ossuary_crypta

Skill      XL: |  1  2  3  4  5  6  7  8  9 |
---------------+----------------------------+-----
Fighting       | 2 3 4 5 6 7 |  7.2
Transmutations | 3 4 5 6 |  6.0
Unarmed Combat | 4 5 6 |  6.0
Poison Magic   | 2 |  2.1
Dodging        | 4 |  4.7
Spellcasting   | 3 |  3.4
Staves         | 1 |  1.5
Invocations    | |  0.8

Action                   |  1- 3 |  4- 6 |  7- 9 || total
-------------------------+-------+-------+-------++-------
Melee: Unarmed           |    69 |   182 |   146 ||   397
       Tentacles         |     9 |    33 |    51 ||    93
       Constrict         |    19 |    45 |    54 ||   118
       Punch             |       |     3 |    11 ||    14
       Dagger            |       |       |   121 ||   121
       Quarterstaff      |       |       |    28 ||    28
 Cast: Spider Form       |       |     1 |     9 ||    10
Evoke: Wand              |       |       |     1 ||     1
  Use: Scroll            |       |     2 |     6 ||     8
       Potion            |       |       |     9 ||     9
 Stab: Sleeping          |    10 |     9 |    11 ||    30
       Invisible         |       |       |     2 ||     2
       Distracted        |       |       |     1 ||     1
  Eat: Chunk             |     1 |    11 |    11 ||    23
       Ration            |       |       |     2 ||     2
Armor: Skin              |     5 |    14 |    10 ||    29
Dodge: Dodged            |    34 |   132 |   181 ||   347

Table legend:
 A = Non-vault XP
 B = Vault XP
 C = Vault XP percentage of total XP
 D = Non-vault monster count
 E = Vault monster count
 F = Vault count percentage of total count
                 A         B        C        D         E       F
            +---------+---------+-------+---------+---------+-------
      Total |    2099 |    1185 |  36.1 |     129 |      40 |  23.7
            +---------+---------+-------+---------+---------+-------
        D:1 |      41 |       2 |   4.7 |      23 |       1 |   4.2
        D:2 |     120 |       4 |   3.2 |      32 |       3 |   8.6
        D:3 |      95 |     346 |  78.5 |      22 |      18 |  45.0
        D:4 |     143 |     191 |  57.2 |       9 |       1 |  10.0
        D:5 |     796 |     238 |  23.0 |      18 |       2 |  10.0
        D:6 |     648 |       0 |   0.0 |      20 |       0 |   0.0
        D:7 |     256 |     183 |  41.7 |       5 |       1 |  16.7
    Ossuary |       0 |     221 | 100.0 |       0 |      14 | 100.0
            +---------+---------+-------+---------+---------+-------
